Map: New Repugnancy LE

Players

HateMe - Winner!

  • Race: Zerg Zerg
  • Spawn Location: 1:00

BluE

  • Race: Protoss Protoss
  • Spawn Location: 7:00

Event: 2019 WCS Summer

VOD

Have the link to the VOD?

Description

Time

  • Played on: July 12, 2019, 8:01 a.m.
  • Length: 15:34

All games in this series

Show
View Real Time Build Order
Export as new Build Order

HateMe Zerg - Winner!

Build Orders: Hatch First 

Get SALT Encoding   

  12  0:00  Drone  
  13  0:12  Overlord  
  13  0:16  Drone  
  14  0:30  Drone x2  
  16  0:49  Hatchery  
  15  0:52  Drone  
  15  0:56  Drone  
  17  0:59  Drone  
  18  1:10  Extractor  
  17  1:15  Spawning Pool  
  16  1:19  Drone  
  16  1:22  Drone  
  18  1:28  Drone  
  19  1:39  Drone  
  20  1:49  Overlord  
  20  2:01  Queen x2  
  20  2:02  Zergling x4  
  26  2:10  Drone  
  26  2:13  Drone  
  28  2:26  Drone x2  
  30  2:36  Hatchery  
  29  2:40  Drone  
  29  2:42  Drone  
  29  2:44  Drone  
  32  2:48  Pneumatized Carapace  
  32  2:53  Queen  
  32  2:55  Overlord  
  32  2:57  Drone  
  35  3:01  Drone  
  36  3:09  Overlord  
  36  3:13  Drone x4  
  36  3:15  Drone  
  36  3:19  Drone  
  42  3:22  Drone x2  
  44  3:30  Lair  
  44  3:34  Roach Warren  
  44  3:37  Drone x2  
  45  3:45  Overlord  
  45  3:46  Drone x3  
  48  3:56  Metabolic Boost  
  48  3:58  Drone x5  
  48  4:01  Drone x2  
  55  4:04  Extractor x2  
  53  4:10  Queen  
  55  4:21  Queen  
  55  4:23  Zergling x14  
  64  4:29  Overlord x2  
  64  4:36  Overseer  
  64  4:44  Drone x2  
  66  4:48  Queen  
  66  4:50  Overseer  
  68  4:53  Overlord  
  68  4:57  Overlord x2  
  68  4:58  Roach x4  
  76  5:01  Roach  
  78  5:08  Roach x2  
  81  5:23  Drone x6  
  87  5:31  Roach x8  
  87  5:35  Overlord  
  103  5:37  Overseer  
  103  5:42  Overlord x2  
  103  5:46  Overlord  
  103  5:48  Overlord  
  103  5:49  Extractor  
  101  5:50  Extractor  
  100  6:03  Drone x9  
  109  6:10  Extractor, Evolution Chamber  
  107  6:12  Overlord  
  107  6:14  Drone x2  
  107  6:17  Drone x3  
  109  6:24  Overlord  
  109  6:28  Drone  
  109  6:29  Drone  
  110  6:35  Drone x2, Hatchery  
  110  6:36  Overlord x2  
  110  6:39  Zerg Missile Weapons Level 1, Roach  
  113  6:43  Roach  
  113  6:44  Roach x2  
  113  6:45  Ravager x5  
  124  6:50  Roach  
  124  6:51  Roach x4  
  134  7:02  Hatchery  
  134  7:07  Roach x6  
  145  7:18  Drone  
  145  7:19  Spire  
  145  7:22  Roach x5  
  155  7:28  Overlord x2  
  153  7:30  Overseer  
  150  7:43  Drone x4  
  150  7:44  Spire  
  153  7:46  Roach x4  
  161  8:06  Overlord x2  
  161  8:11  Drone  
  162  8:16  Roach x10  
  162  8:18  Ravager x7  
  189  8:22  Overseer  
  189  8:30  Roach  
  189  8:31  Roach x4  
  199  8:40  Overseer  
  198  8:49  Ravager  
  189  9:08  Roach x10  
  189  9:09  Roach  
  196  9:14  Mutalisk x4  
  196  9:16  Zergling x26  
  193  9:21  Mutalisk  
  189  9:27  Mutalisk  
  189  9:29  Mutalisk  
  184  9:43  Zerg Missile Weapons Level 2  
  184  9:53  Zergling x2, Drone  
  184  9:54  Zergling x26  
  184  9:56  Baneling Nest  
  197  10:15  Zergling x6  
  185  10:31  Roach x7  
  185  10:36  Zergling x12  
  185  10:37  Zergling x6  
  185  10:40  Centrifical Hooks  
  183  10:43  Roach x9  
  167  10:58  Roach x4  
  160  11:04  Roach x3  
  160  11:05  Roach x4  
  160  11:08  Overseer  
  170  11:17  Ravager x4  
  170  11:18  Ravager x6  
  180  11:19  Zergling x22  
  180  11:24  Overseer  
  180  11:25  Overseer  
  191  11:30  Overlord x2  
  191  11:38  Hatchery  
  190  11:57  Zergling x2  
  190  11:58  Drone x8  
  193  12:20  Zergling x14  
  188  12:29  Zergling x2  
  176  12:30  Zergling x28  
  176  12:35  Infestation Pit  
  176  12:36  Overlord x3  
  182  12:48  Zerg Melee Weapons Level 1  
  182  12:55  Baneling x22  
  182  12:56  Baneling x6  
  182  12:57  Baneling x5  
  182  13:04  Zergling x30  
  187  13:09  Zergling x8  
  191  13:14  Hive  
  191  13:22  Zergling x14  
  189  13:33  Zergling x2  
  189  13:34  Zergling x12  
  176  13:39  Roach x7  
  176  13:40  Roach x2  
  179  13:48  Hatchery  
  179  13:52  Roach x3  
  179  13:53  Roach x3  
  189  13:56  Zergling x4  
  191  14:07  Zergling x8  
  182  14:17  Zergling x6  
  185  14:25  Mutalisk  
  185  14:26  Mutalisk x4  
  185  14:31  Zergling x8  
  197  14:36  Zergling x4  
  199  14:45  Baneling x20  
  199  14:46  Baneling x7  
  199  14:55  Zergling x6  
  196  15:13  Zergling x34, Spine Crawler x2  
  196  15:14  Spine Crawler  
  172  15:16  Spore Crawler  
Show
View Real Time Build Order
Export as new Build Order

BluE Protoss 

Build Orders: 1 Gate Expand, Archon Immortal 

Get SALT Encoding   

  12  0:00  Probe  
  13  0:13  Probe  
  14  0:20  Pylon  
  14  0:24  Probe  
  15  0:34  Probe  
  15  0:39  Gateway  
  15  0:42  Probe  
  16  0:48  Assimilator  
  17  0:53  Probe  
  18  1:05  Probe  
  19  1:17  Probe  
  20  1:26  Nexus  
  20  1:36  Cybernetics Core  
  20  1:38  Probe  
  21  1:45  Assimilator  
  21  1:50  Probe  
  22  1:58  Pylon  
  22  2:03  Probe  
  22  2:07  Adept  
  23  2:13  Warp Gate  
  23  2:16  Probe  
  26  2:23  Robotics Facility  
  26  2:27  Stalker  
  26  2:28  Probe  
  27  2:36  Probe  
  27  2:40  Probe  
  31  2:44  Probe  
  32  2:52  Probe  
  32  2:58  Probe  
  33  3:00  Immortal  
  33  3:04  Probe  
  35  3:11  Probe  
  40  3:15  Pylon  
  40  3:17  Probe  
  41  3:23  Probe  
  42  3:29  Probe  
  42  3:30  Twilight Council, Warp Prism  
  43  3:35  Probe  
  46  3:43  Probe  
  46  3:47  Probe  
  48  3:50  Pylon  
  48  3:55  Probe  
  49  3:58  Assimilator  
  49  3:59  Probe  
  49  4:02  Assimilator  
  50  4:03  Immortal  
  50  4:07  Probe  
  51  4:11  Dark Shrine  
  51  4:15  Probe  
  56  4:21  Pylon  
  56  4:23  Probe  
  57  4:29  Probe  
  57  4:30  Gateway  
  58  4:36  Gateway  
  58  4:42  Probe  
  58  4:43  Pylon  
  59  4:51  Pylon  
  59  5:13  Probe x2  
  61  5:26  Pylon  
  61  5:27  Probe x2  
  63  5:29  Dark Templar x2  
  63  5:31  Dark Templar  
  63  5:33  Nexus  
  63  5:35  Immortal  
  69  5:39  Probe x2  
  69  5:41  Gateway  
  69  5:42  Forge  
  73  5:50  Pylon  
  73  5:51  Probe  
  73  6:03  Dark Templar x2  
  75  6:04  Dark Templar  
  75  6:06  Charge  
  75  6:07  Pylon  
  75  6:11  Probe, Warp Prism  
  78  6:12  Probe  
  78  6:17  Protoss Ground Weapons Level 1  
  81  6:34  Probe x2, Pylon  
  81  6:36  Nexus  
  83  6:40  Sentry x3  
  83  6:41  Sentry  
  83  6:45  Pylon  
  83  6:46  Probe x2  
  93  6:52  Immortal  
  97  6:59  Probe x2  
  97  7:05  Dark Templar x2, Pylon  
  99  7:09  Gateway  
  99  7:13  Archon  
  99  7:14  Gateway  
  97  7:19  Probe x2  
  99  7:25  Gateway  
  99  7:26  Gateway  
  99  7:31  Immortal  
  99  7:40  Pylon  
  99  7:42  Probe  
  99  7:43  Probe  
  103  7:47  Assimilator  
  103  7:50  Templar Archives  
  103  7:52  Assimilator  
  103  7:54  Probe x2  
  103  7:55  Probe  
  106  7:58  Pylon  
  106  8:01  Pylon  
  106  8:03  Immortal  
  106  8:18  Stargate x2  
  110  8:27  Zealot x4  
  116  8:35  Shield Battery  
  116  8:36  Shield Battery  
  116  8:39  High Templar x2  
  120  8:42  Immortal  
  124  8:53  Dark Templar  
  126  8:58  Photon Cannon  
  124  9:02  Pylon  
  124  9:04  Photon Cannon  
  124  9:07  Zealot x3  
  124  9:08  Zealot x2, Archon  
  124  9:09  Immortal  
  114  9:20  Zealot x2  
  110  9:32  Phoenix x2  
  110  9:34  High Templar x2  
  110  9:35  Zealot  
  110  9:36  Zealot x3  
  126  9:40  Photon Cannon  
  126  9:42  Photon Cannon  
  126  9:46  Immortal, Protoss Ground Weapons Level 2  
  126  9:48  High Templar  
  126  9:49  High Templar  
  134  9:57  Pylon  
  134  9:58  Pylon  
  134  10:08  High Templar  
  134  10:12  Archon  
  134  10:13  Archon  
  134  10:15  Stalker  
  134  10:16  Stalker x2  
  134  10:19  Phoenix  
  132  10:36  Zealot x4  
  132  10:42  Zealot x3  
  120  10:46  Immortal  
  115  10:51  Probe  
  115  10:52  Probe x2  
  115  10:55  Zealot  
  110  10:58  Zealot x3  
  110  11:01  Probe x2  
  110  11:04  Probe  
  115  11:07  High Templar x3  
  120  11:12  Probe  
  120  11:15  Assimilator  
  120  11:16  Probe  
  122  11:18  High Templar x2  
  126  11:30  Psionic Storm  
  126  11:33  Gateway  
  126  11:35  High Templar x2  
  126  11:36  Gateway  
  130  11:40  Pylon  
  130  11:41  Stalker  
  131  11:52  Zealot x4  
  138  12:00  Probe  
  135  12:12  Zealot  
  135  12:13  Stalker  
  133  12:15  Zealot x2  
  133  12:18  Sentry  
  127  12:23  Dark Templar  
  127  12:24  Dark Templar  
  127  12:38  Zealot x2, Dark Templar x2  
  127  12:43  Probe  
  136  12:47  Zealot x2  
  136  12:48  Zealot  
  136  12:50  Archon  
  142  12:54  Protoss Ground Weapons Level 3  
  141  13:04  Zealot x2  
  141  13:05  Zealot  
  143  13:08  Observer  
  144  13:20  Nexus  
  144  13:25  Zealot x2  
  107  13:46  Warp Prism  
  109  13:50  High Templar x5  
  109  13:51  Probe, High Templar  
  122  14:00  Zealot  
  122  14:01  Zealot x2  
  128  14:03  Archon x2  
  128  14:04  Archon  
  124  14:13  Immortal  
  126  14:25  Gateway  
  126  14:31  High Templar x3  
  126  14:32  High Templar  
  126  14:35  Archon  
  126  14:36  Zealot, Archon  
  126  14:37  Zealot x4  
  143  14:49  Oracle  
  143  14:52  Observer  
  145  14:53  Nexus  
  145  14:58  Zealot x3  
  149  15:13  Zealot x3  
  149  15:14  Zealot  
  77  15:30  High Templar x2  
Tags
 
Add a new tag
Caveats
  • Supply blocks, unpowered buildings, or Contaminate may cause inaccurate times.
  • Supply counts are checked every 10 seconds.